AoeStats
← jasonpanex

African Clearing

510581601Analyzed
4v4 RM · 1d ago on Oct 1, 2026· 55m 50s· 8 players
Game mode
Random Map
Map size
Large (8 player)
Population
200
Speed
Normal
Resources
Standard
Victory
Conquest
Starting age
Dark Age
Ending age
Imperial Age
RankedLock teamsTeams togetherTeam positionsShared explorationLock speedFull tech treeHidden civsTurbo modeCheats
Victory
Defeat
🇪🇸 Japanese · Spain
1153
+16
🇹🇼 Berbers · Taiwan
1131
+17
🇪🇸 Persians · Spain
1113
+17
🇦🇹 Chinese · Austria
1077
+19
🇸🇪 Vikings · Sweden
1287
-23
🇸🇪 Saxons · Sweden
1187
-19
🇸🇪 Varangians · Sweden
1110
-16
🇸🇪 Danes · Sweden
981
-11
pablov02
8:31 Loom
12:54 Feudal Age
13:57 Double-Bit Axe
14:20 Horse Collar
16:54 Wheelbarrow
19:18 Scale Barding Armor
23:31 Castle Age
22:17 Gold Mining
24:02 Forging
25:03 Bloodlines
25:36 Hand Cart
26:06 Husbandry
28:17 Gold Shaft Mining
30:55 Stone Mining
33:03 Iron Casting
39:27 Chain Barding Armor
43:55 Imperial Age
41:35 Scale Mail Armor
41:28 Fletching
43:53 Ballistics
43:44 Masonry
43:39 Cavalier
45:10 Plate Barding Armor
45:36 Blast Furnace
47:13 Light Cavalry
48:51 Bow Saw
51:02 Heavy Plow
52:41 Town Watch
53:59 Chemistry
53:00 Bodkin Arrow
55:02 Two-Man Saw
54:24 Chain Mail Armor
54:03 Savar
56:02 Town Patrol
56:36 Plate Mail Armor
stYx
3:04 Loom
13:57 Feudal Age
17:36 Castle Age
17:11 Bloodlines
16:56 Gold Mining
19:31 Double-Bit Axe
30:08 Bow Saw
31:07 Horse Collar
32:54 Scale Barding Armor
33:04 Forging
35:54 Husbandry
38:26 Imperial Age
39:13 Chain Barding Armor
38:38 Cavalier
40:53 Plate Barding Armor
41:29 Wheelbarrow
42:47 Iron Casting
45:21 Light Cavalry
48:00 Hand Cart
47:30 Town Watch
48:41 Conscription
53:31 Spies/Treason
jasonpanex
3:32 Loom
14:33 Feudal Age
17:34 Town Watch
21:12 Castle Age
21:58 Fletching
23:27 Horse Collar
25:39 Bodkin Arrow
29:43 Bloodlines
29:33 Husbandry
31:12 Ballistics
35:42 Padded Archer Armor
36:15 Double-Bit Axe
38:13 Wheelbarrow
46:38 Kasbah
49:33 Hand Cart
50:56 Gold Mining
50:58 Stone Mining
56:04 Imperial Age
Ace
5:05 Loom
6:35 Loom
14:48 Feudal Age
19:06 Castle Age
17:09 Stone Mining
22:53 Double-Bit Axe
33:57 Wheelbarrow
34:49 Gold Mining
35:25 Bow Saw
36:33 Horse Collar
37:27 Pikeman
37:57 Gambesons
37:58 Arson
38:14 Squires
39:01 Scale Mail Armor
39:11 Forging
41:11 Heavy Plow
44:10 Imperial Age
43:34 Chain Mail Armor
43:55 Iron Casting
50:41 Hand Cart
50:05 Elite Samurai
Agurk Bear
4:51 Loom
15:07 Feudal Age
23:22 Castle Age
22:57 Fletching
23:13 Scale Barding Armor
23:23 Bloodlines
27:13 Husbandry
27:52 Wheelbarrow
32:18 Horse Collar
32:33 Double-Bit Axe
35:11 Hand Cart
38:33 Heavy Plow
43:51 Imperial Age
41:35 Bodkin Arrow
Jiib
8:16 Loom
12:32 Feudal Age
15:09 Double-Bit Axe
15:07 Horse Collar
23:30 Castle Age
23:31 Crossbowman
25:14 Pikeman
27:17 Bow Saw
37:32 Ballistics
37:38 Fletching
46:59 Imperial Age
44:52 Bodkin Arrow
49:21 Squires
50:09 Arbalester
50:31 Elite Skirmisher
Prubbseal
4:01 Loom
13:09 Feudal Age
14:07 Double-Bit Axe
15:32 Man-at-Arms
16:13 Gold Mining
16:34 Scale Mail Armor
17:22 Forging
18:15 Horse Collar
23:18 Wheelbarrow
27:15 Castle Age
26:02 Stone Mining
28:09 Bow Saw
28:06 Squires
27:53 Arson
28:04 Pikeman
32:31 Chain Mail Armor
36:23 Gambesons
43:26 Imperial Age
42:48 Hand Cart
44:31 Elite Varangian Guard
45:48 Plate Mail Armor
45:54 Iron Casting
46:05 Conscription
50:46 Gold Shaft Mining
iknor
9:59 Loom
14:13 Feudal Age
19:51 Castle Age
17:58 Man-at-Arms
25:15 Arson
25:18 Gambesons
26:41 Fletching
26:53 Scale Mail Armor
27:28 Town Watch
29:38 Forging
29:25 Bodkin Arrow
29:45 Chain Mail Armor
36:25 Town Patrol
37:01 Wheelbarrow
37:59 Pikeman
40:58 Squires
43:34 Iron Casting
49:31 Imperial Age
Connection lost

Rejoining the realm…

Still unreachable

The connection could not be restored.

Session expired

The server has moved on; the page needs a fresh start.